 Dungeon Crawl Stone Soup version 0.29.1-4-g47bece8355 (webtiles) character file.

Game seed: 8350274028647984785

1264 croobank the Conjurer (level 8, 0/60 HPs)
             Began as a Demonspawn Conjurer on Dec 10, 2022.
             Slain by a gnoll sergeant
             ... wielding a +0 trident
              (11 damage)
             ... on level 5 of the Dungeon.
             The game lasted 00:47:15 (5527 turns).

croobank the Conjurer (Demonspawn Conjurer)         Turns: 5527, Time: 00:47:16

Health: 0/60       AC:  6    Str:  7    XL:     8   Next: 27%
Magic:  0/14       EV: 13    Int: 28    God:
Gold:   199        SH:  0    Dex: 13    Spells: 9/15 levels left

rFire   . . .      SeeInvis .   a - +4 dagger (speed)
rCold   . . .      Faith    .   (no shield)
rNeg    . . .      Spirit   .   d - +0 robe
rPois   .          Reflect  .   e - +2 helmet {Int+3}
rElec   .          Harm     .   (no cloak)
rCorr   .          Rampage  .   r - +0 pair of gloves
Will    +....                   (no boots)
Stlth   +++.......              (no amulet)
HPRegen 0.20/turn               i - ring of wizardry
MPRegen 0.14/turn               q - ring of willpower

@: invisible
A: demonic guardian 1, big brain 2, weakness stinger 2
a: no special abilities


You were on level 5 of the Dungeon.
You visited 1 branch of the dungeon, and saw 7 of its levels.
You also visited: Ossuary.

You collected 199 gold pieces.

Inventory:

Hand Weapons
 a - a +4 dagger of speed (weapon)
 b - a +2 sling of flaming
 c - a +0 hand axe
 f - a +1 spear of venom
 p - a +3 war axe
Missiles
 h - 6 poisoned darts (quivered)
Armour
 d - a +0 robe (worn)
 e - a +2 helmet of intelligence (worn)
 r - a +0 pair of gloves (worn)
Jewellery
 i - a ring of wizardry (left hand)
 k - a ring of fire
 q - a ring of willpower (right hand)
Scrolls
 v - a scroll of vulnerability
Potions
 j - a potion of mutation
 m - 2 potions of curing
 n - 2 potions of flight
 o - a potion of ambrosia


   Skills:
 + Level 3.9 Fighting
 + Level 4.0 Dodging
 + Level 4.4 Stealth
 + Level 4.1 Spellcasting
 + Level 5.8 Conjurations
 + Level 3.3 Hexes


You had 9 spell levels left.
You knew the following spells:

 Your Spells              Type           Power      Damage    Failure   Level
a - Magic Dart            Conj           100%       1d8       1%          1
b - Searing Ray           Conj           76%        2d7       1%          2
c - Dazzling Flash        Conj/Hex       62%        N/A       1%          3

Your spell library contained the following spells:

 Spells                   Type           Power      Damage    Failure   Level
 Inner Flame              Hex/Fire       15%        N/A       4%          3
 Fulminant Prism          Conj/Hex       15%        3d11      4%          4
 Cause Fear               Hex            12%        N/A       8%          4
 Iskenderun's Mystic Bla  Conj/Tloc      22%        2d6       9%          4
 Irradiate                Conj/Tmut      11%        3d15      24%         5
 Blade Hands              Tmut           2%         N/A       58%         5
 Dragon Form              Tmut           2%         N/A       100%        7
 Discord                  Hex            12%        N/A       100%        8


Dungeon Overview and Level Annotations

Branches:
Dungeon (7/15)            Ossuary (visited)
 Temple: D:4-7

Altars:

Annotations:
D:7 Dowan, Duvessa


Innate Abilities, Weirdness & Mutations

A weak demonic guardian rushes to your aid.
You have an extremely huge brain. (Int +4)
You have a tail ending in a sharp stinger.


Message History

You tail-slap the adder, but do no damage.
The adder is severely wounded.
The gnoll sergeant hits you from afar with a +0 trident.
The adder bites you but does no damage.
You hit the adder.
You kill the adder!
The gnoll sergeant hits you from afar with a +0 trident.
Throw: 7 darts (poison)
Press: ? - help, Q - select action, (/) - cycle Shift-Dir - straight line, f - orc
Aim: an orc, wielding a +0 club and wearing a +0 scale mail (61% to hit)
You throw a poisoned dart. The poisoned dart hits the orc.
The gnoll sergeant closely misses you.
You hit something but do no damage.
Okay, then.
Okay, then.
Okay, then.
Casting: Searing Ray (safe; 1% risk of failure)
Confirm with . or Enter, or press ? or * to list all spells.
Casting: Dazzling Flash (safe; 1% risk of failure)
Press: ? - help, Dir - look around, f - activate The orc is dazzled. x2; The orc wizard is dazzled.
The gnoll sergeant misses you.
You miss something.
The gnoll sergeant hits you but does no damage.
Something barely misses you.
You barely miss something.
You hear some strange, mumbled words.
A magic dart appears from out of thin air!
The magic dart hits you.
* * * LOW HITPOINT WARNING * * *
The gnoll sergeant hits you but does no damage.
You fade into invisibility!
The gnoll sergeant looks more healthy.
The orc wizard is no longer blind.
Something hits you.
* * * LOW HITPOINT WARNING * * *
The gnoll sergeant hits you from afar with a +0 trident!
* * * LOW HITPOINT WARNING * * *
You feel better. Something hits you but does no damage.
The gnoll sergeant hits you from afar with a +0 trident!
You die...

..# #.#.....# .##
#.#.#.#...# ..#
#.#...# .## .
#..###.....### .#.
#........#.'.##..
...##....#.###.#
...........##g.#
†..........#.og###
.............oo{@#
|.......#.go###
##......##..#
##..#..###.#
....###.+ ##..
#.## #.# ... #.
#.# .... #.# ....
...


You could see a gnoll sergeant (unable to see you), an orc priest (unable to see
you), an orc wizard (unable to see you), 2 gnolls and 2 orcs.

Vanquished Creatures
  2 sky beasts
  2 black bears
  A bullfrog (D:6)
  A necrophage (D:5)
  A howler monkey (D:6)
  A centaur zombie (Ossuary)
  2 hounds (D:5)
  2 human zombies (Ossuary)
  2 iguanas
  2 hound zombies (Ossuary)
  Robin (D:2)
  4 mummies
  4 adders
  4 gnolls
  An ufetubus (D:5)
  3 adder zombies (Ossuary)
  A worm (D:5)
  2 dart slugs
  2 orcs (D:5)
  5 ball pythons
  7 endoplasms
  2 giant cockroaches
  2 gnoll zombies (Ossuary)
  17 goblins
  7 hobgoblins
  5 jackals (D:1)
  3 quokkas
  5 bats
  A frilled lizard (D:2)
  6 goblin zombies (Ossuary)
  4 hobgoblin zombies
  3 jackal zombies (Ossuary)
  3 kobolds
  3 kobold zombies (Ossuary)
  2 orc zombies (Ossuary)
  3 quokka zombies (Ossuary)
  4 rats
  3 rat zombies (Ossuary)
123 creatures vanquished.

Vanquished Creatures (collateral kills)
  A water moccasin (D:7)
  A centaur (D:7)
  An elf zombie (Ossuary)
  2 gnolls (D:2)
5 creatures vanquished.

Grand Total: 128 creatures vanquished

Notes
Turn   | Place    | Note
-------+----------+-------------------------------------------
     0 | D:1      | croobank the Demonspawn Conjurer began the quest for the
                  | Orb.
     0 | D:1      | Reached XP level 1. HP: 13/13 MP: 3/3
   248 | D:1      | Gained mutation: A weak demonic guardian rushes to your
                  | aid. [demonic ancestry]
   248 | D:1      | Reached XP level 2. HP: 15/20 MP: 1/5
   353 | D:1      | Learned a level 2 spell: Searing Ray
   625 | D:1      | Found a faded altar of an unknown god.
  1089 | D:1      | Reached skill level 1 in Fighting
  1193 | D:2      | Gained mutation: You have an unusually large brain. (Int
                  | +2) [demonic ancestry]
  1193 | D:2      | Reached XP level 3. HP: 26/26 MP: 6/6
  1197 | D:2      | Learned a level 3 spell: Dazzling Flash
  1610 | D:2      | Gained mutation: You have a small tail. [demonic ancestry]
  1610 | D:2      | Reached XP level 4. HP: 5/32 MP: 5/7
  2171 | D:2      | Noticed Robin
  2345 | D:2      | Killed Robin
  3496 | D:4      | You fall into a shaft and drop 3 floors!
  3505 | D:7      | Noticed a water moccasin
  3508 | D:7      | Noticed a centaur
  3514 | D:7      | Killed a water moccasin
  3515 | D:7      | Reached skill level 1 in Hexes
  3515 | D:7      | Reached XP level 5. HP: 11/38 MP: 9/9
  3515 | D:7      | Killed a centaur
  3516 | D:7      | Gained mutation: You have a tail ending in a sharp stinger.
                  | [demonic ancestry]
  3516 | D:7      | Reached XP level 6. HP: 13/45 MP: 10/10
  3874 | D:7      | Noticed a sky beast
  3890 | D:7      | Killed a sky beast
  3891 | D:7      | Reached skill level 5 in Conjurations
  3939 | D:7      | Noticed Dowan
  3941 | D:7      | Noticed Duvessa
  3960 | D:6      | Reached XP level 7. HP: 48/51 MP: 4/12
  4279 | D:5      | Entered Level 5 of the Dungeon
  4383 | D:5      | Found a sand-covered staircase.
  4392 | Ossuary  | Entered an ossuary
  5227 | Ossuary  | Gained mutation: You have an extremely huge brain. (Int +4)
                  | [demonic ancestry]
  5227 | Ossuary  | Reached XP level 8. HP: 59/59 MP: 10/13
  5526 | D:5      | HP: 2/60 [gnoll sergeant/+0 trident (11)]
  5527 | D:5      | Slain by a gnoll sergeant

Illustrated notes

Levels and vault maps discovered:
D:1:      erik_arrival_triangle_huge, layout_basic,
          shapermc_ecumenical_altar_totnotflames
D:2:      layout_basic, uniq_robin
D:3:      layout_basic
D:4:      layout_cave_pools, grunt_temple_overflow_cloverleaf,
          minmay_quadrilaterals
D:5:      layout_cave_pools, kennysheep_mini_moat, serial_shops,
          nicolae_shop_hallway_plus, nicolae_ossuary_entry_giza,
          portal_sewer_entry_e
D:6:      layout_cave_pods, mainiacjoe_overflow_concentric_impassable,
          minmay_temple_entry_trees
D:7:      layout_loops_ring, tso_metal_star, mainiacjoe_overflow_alcove_2,
          biasface_ghost_orc_armoury, hangedman_abyss_or_decor_stabs,
          chequers_mini_garden, uniq_crazy_yiuf_cottage, uniq_duvessa

Skill      XL: |  1  2  3  4  5  6  7  8 |
---------------+-------------------------+-----
Stealth        | 2 3 4 |  4.4
Dodging        | 2 3 4 |  4.0
Fighting       | 1 2 3 |  3.9
Hexes          | 1 2 3 |  3.3
Spellcasting   | 3 4 |  4.1
Conjurations   | 5 |  5.8

Action                   |  1- 3 |  4- 6 |  7- 9 || total
-------------------------+-------+-------+-------++-------
Melee: Dagger            |    28 |    23 |   117 ||   168
       Hand axe          |     1 |     7 |       ||     8
       Tailslap          |       |     3 |    21 ||    24
Throw: Dart              |       |       |     2 ||     2
       Throwing net      |       |       |     1 ||     1
 Cast: Magic Dart        |    29 |    17 |    45 ||    91
       Searing Ray       |    10 |    15 |    25 ||    50
       Dazzling Flash    |     1 |     1 |     1 ||     3
  Use: Potion            |     5 |       |     4 ||     9
       Scroll            |       |     9 |     6 ||    15
 Stab: Sleeping          |     4 |     5 |     4 ||    13
Armor: Robe              |     4 |    14 |    39 ||    57
       Skin              |    10 |       |       ||    10
Dodge: Dodged            |    26 |    24 |    63 ||   113
